ITL
MEMPHIS REDBIRDS @ TUSCALOOSA TROUT SLAYERS
04/30/2030
 
TOP OF THE 1ST
Memphis Redbirds batting - Pitching for Tuscaloosa Trout Slayers : RHP Iván Maldonado
Pitching: RHP Iván Maldonado
Batting: RHB Stan Taylor 0-0: DOUBLE (Line Drive, 7LM)
Batting: LHB Milo Powers 0-0: Called Strike
0-1: Ball
1-1: Ball
2-1: Called Strike
2-2: SINGLE (Flyball, 78S)
Stan Taylor to third
Batting: SHB José Cruz 0-0: Called Strike
0-1: Ball
1-1: Swinging Strike
1-2: Ball
2-2: Strikes out swinging
Batting: SHB Javier Peńa 0-0: Called Strike
0-1: Ball
1-1: Ball
2-1: Foul Ball, location: 2F
2-2: Ball
3-2: Grounds into double play, 4-6-3 (Groundball, 4)
Top of the 1st over - 0 runs, 2 hits, 0 errors, 1 left on base; Memphis 0 - Tuscaloosa 0
BOTTOM OF THE 1ST
Tuscaloosa Trout Slayers batting - Pitching for Memphis Redbirds : RHP José López
Pitching: RHP José López
Batting: LHB Manuel Ortega 0-0: Foul Ball, location: 2F
0-1: Ball
1-1: Foul Ball, location: 2F
1-2: Ball
2-2: Foul Ball, location: 2F
2-2: Ball
3-2: Ground out 4-3 (Groundball, 4)
Batting: RHB José Fernández 0-0: Ball
1-0: Ball
2-0: Called Strike
2-1: Called Strike
2-2: Ball
3-2: Strikes out swinging
Batting: LHB Marcos Villarreal 0-0: Called Strike
0-1: Ball
1-1: Ground out 4-3 (Groundball, 4)
Bottom of the 1st over - 0 runs, 0 hits, 0 errors, 0 left on base; Memphis 0 - Tuscaloosa 0
TOP OF THE 2ND
Memphis Redbirds batting - Pitching for Tuscaloosa Trout Slayers : RHP Iván Maldonado
Batting: RHB Will Sterling 0-0: Ball
1-0: Swinging Strike
1-1: Foul Ball, location: 2F
1-2: Reached on error, E6 (Groundball, 6)
Batting: RHB Desi Thompson 0-0: Ball
1-0: Foul Ball, location: 2F
1-1: Ball
2-1: Called Strike
2-2: Strikes out swinging
Batting: RHB Rusty Bennett 0-0: Called Strike
0-1: Called Strike
0-2: Ball
1-2: Fly out, F7 (Flyball, 7LS)
Batting: LHB Dudley Cooper 0-0: Called Strike
0-1: SINGLE (Groundball, 34D)
Will Sterling to third
Runner from 3rd tries for Home, SAFE, no throw
Batting: SHB Lewis Woods 0-0: Ball
1-0: Ball
2-0: Ball
3-0: Called Strike
3-1: SINGLE (Flyball, 9LS)
Dudley Cooper to second
Batting: RHB Stan Taylor 0-0: Ground out 6-3 (Groundball, 56D)
Top of the 2nd over - 1 run, 2 hits, 1 error, 2 left on base; Memphis 1 - Tuscaloosa 0
BOTTOM OF THE 2ND
Tuscaloosa Trout Slayers batting - Pitching for Memphis Redbirds : RHP José López
Batting: RHB Ricardo González 0-0: Ball
1-0: Ball
2-0: Foul Ball, location: 2F
2-1: Foul Ball, location: 2F
2-2: Foul Ball, location: 2F
2-2: Strikes out swinging
Batting: LHB Ed Hart 0-0: Called Strike
0-1: Foul Ball, location: 2F
0-2: Ball
1-2: Fly out, F8 (Flyball, 8LD)
Batting: RHB Pat Fullerton 0-0: Called Strike
0-1: Foul Ball, location: 2F
0-2: Ball
1-2: Foul Ball, location: 2F
1-2: Ball
2-2: Ball
3-2: Base on Balls
Batting: LHB Pedro Juárez 0-0: Foul Ball, location: 2F
0-1: Called Strike
0-2: Ground out U3 (Groundball, 34)
Bottom of the 2nd over - 0 runs, 0 hits, 0 errors, 1 left on base; Memphis 1 - Tuscaloosa 0
TOP OF THE 3RD
Memphis Redbirds batting - Pitching for Tuscaloosa Trout Slayers : RHP Iván Maldonado
Batting: LHB Milo Powers 0-0: Ball
1-0: Ball
2-0: Ball
3-0: Called Strike
3-1: Ground out 4-3 (Groundball, 4)
Batting: SHB José Cruz 0-0: Ball
1-0: Fly out, F6 (Popup, 6S)
Batting: SHB Javier Peńa 0-0: Ball
1-0: Foul Ball, location: 2F
1-1: Foul Ball, location: 2F
1-2: Foul Ball, location: 2F
1-2: Strikes out swinging
Top of the 3rd over - 0 runs, 0 hits, 0 errors, 0 left on base; Memphis 1 - Tuscaloosa 0
BOTTOM OF THE 3RD
Tuscaloosa Trout Slayers batting - Pitching for Memphis Redbirds : RHP José López
Batting: RHB Claudio Gonzáles 0-0: Foul Ball, location: 2F
0-1: Foul Ball, location: 2F
0-2: Ball
1-2: Foul Ball, location: 2F
1-2: Ball
2-2: Strikes out swinging, 2-3 out at first.
Batting: RHB Jason Saunders 0-0: DOUBLE (Line Drive, 89D)
Batting: LHB Manuel Ortega 0-0: Called Strike
0-1: Foul Ball, location: 2F
0-2: Ground out U3 (Groundball, 3L)
Jason Saunders to third
Batting: RHB José Fernández 0-0: Ball
1-0: Ground out 5-3 (Groundball, 56)
Bottom of the 3rd over - 0 runs, 1 hit, 0 errors, 1 left on base; Memphis 1 - Tuscaloosa 0
TOP OF THE 4TH
Memphis Redbirds batting - Pitching for Tuscaloosa Trout Slayers : RHP Iván Maldonado
Batting: RHB Will Sterling 0-0: Foul Ball, location: 2F
0-1: Ball
1-1: Ball
2-1: Reached on error, E3 (Popup, 3)
Batting: RHB Desi Thompson 0-0: Called Strike
0-1: Swinging Strike
0-2: Ball
1-2: Strikes out swinging
Batting: RHB Rusty Bennett 0-0: Swinging Strike
0-1: Swinging Strike
0-2: Ball
1-2: Strikes out swinging
Batting: LHB Dudley Cooper 0-0: Called Strike
0-1: Ball
1-1: SINGLE (Flyball, 34D)
Will Sterling to second
Runner from 2nd tries for 3rd, SAFE, no throw
Batting: SHB Lewis Woods 0-0: Ball
1-0: Ball
2-0: SINGLE (Groundball, 4MD)
Will Sterling scores
Dudley Cooper to second
Runner from 2nd tries for 3rd, SAFE, throw made to third
Batting: RHB Stan Taylor 0-0: Foul Ball, location: 2F
0-1: Ball
1-1: DOUBLE (Line Drive, 7LM)
Dudley Cooper scores
Lewis Woods to third
Runner from 3rd tries for Home, SAFE, no throw
Batting: LHB Milo Powers 0-0: Ball
1-0: Ball
2-0: Ball
3-0: Called Strike
3-1: Foul Ball, location: 2F
3-2: Ground out 4-3 (Groundball, 4)
Top of the 4th over - 3 runs, 3 hits, 1 error, 1 left on base; Memphis 4 - Tuscaloosa 0
BOTTOM OF THE 4TH
Tuscaloosa Trout Slayers batting - Pitching for Memphis Redbirds : RHP José López
Batting: LHB Marcos Villarreal 0-0: Ball
1-0: Called Strike
1-1: Hit by Pitch
Batting: RHB Ricardo González 0-0: Ball
1-0: Ball
2-0: Ball
3-0: Called Strike
3-1: Base on Balls
Marcos Villarreal to second
Batting: LHB Ed Hart 0-0: Called Strike
0-1: Ball
1-1: Ball
2-1: Ball
3-1: Foul Ball, location: 2F
3-2: Foul Ball, location: 2F
3-2: Foul Ball, location: 2F
3-2: Strikes out swinging
Batting: RHB Pat Fullerton 0-0: Ball
1-0: Grounds into double play, 5-4-3 (Groundball, 56)
Bottom of the 4th over - 0 runs, 0 hits, 0 errors, 1 left on base; Memphis 4 - Tuscaloosa 0
TOP OF THE 5TH
Memphis Redbirds batting - Pitching for Tuscaloosa Trout Slayers : RHP Iván Maldonado
Batting: SHB José Cruz 0-0: Called Strike
0-1: Called Strike
0-2: Strikes out looking
Batting: SHB Javier Peńa 0-0: Ball
1-0: Ball
2-0: Foul Ball, location: 2F
2-1: Ball
3-1: Fly out, F8 (Flyball, 8RS)
Batting: RHB Will Sterling 0-0: Called Strike
0-1: Foul Ball, location: 2F
0-2: Strikes out swinging
Top of the 5th over - 0 runs, 0 hits, 0 errors, 0 left on base; Memphis 4 - Tuscaloosa 0
BOTTOM OF THE 5TH
Tuscaloosa Trout Slayers batting - Pitching for Memphis Redbirds : RHP José López
Batting: LHB Pedro Juárez 0-0: Called Strike
0-1: Ball
1-1: Ball
2-1: Foul Ball, location: 2F
2-2: Foul Ball, location: 2F
2-2: Strikes out swinging
Batting: RHB Claudio Gonzáles 0-0: Ball
1-0: Ball
2-0: Foul Ball, location: 2F
2-1: Ground out 6-3 (Groundball, 6)
Batting: RHB Jason Saunders 0-0: Fly out, F7 (Flyball, 78M)
Bottom of the 5th over - 0 runs, 0 hits, 0 errors, 0 left on base; Memphis 4 - Tuscaloosa 0
TOP OF THE 6TH
Memphis Redbirds batting - Pitching for Tuscaloosa Trout Slayers : RHP Iván Maldonado
Pitching: RHP Jimmy Bradley
Batting: RHB Desi Thompson 0-0: Ball
1-0: Called Strike
1-1: Ball
2-1: Ball
3-1: Base on Balls
Batting: RHB Rusty Bennett 0-0: Ball
1-0: Ball
2-0: Ball
3-0: Called Strike
3-1: DOUBLE (Line Drive, 78XD)
Desi Thompson to third
Batting: LHB Dudley Cooper 0-0: Called Strike
0-1: Ball
1-1: Ball
2-1: Swinging Strike
2-2: Ball
3-2: Foul Ball, location: 2F
3-2: Ground out U3 (Groundball, 3L)
Batting: SHB Lewis Woods 0-0: Fly out, F9 (Flyball, 89S)
Batting: RHB Stan Taylor 0-0: Ball
1-0: Called Strike
1-1: Ball
2-1: Reached on error, E5 (Groundball, 56S)
Desi Thompson scores
Rusty Bennett to third
Batting: LHB Milo Powers 0-0: Ball
1-0: Foul Ball, location: 2F
1-1: Ball
Stan Taylor steals 2nd base
2-1: Fly out, F8 (Flyball, 8LM)
Top of the 6th over - 1 run, 1 hit, 1 error, 2 left on base; Memphis 5 - Tuscaloosa 0
BOTTOM OF THE 6TH
Tuscaloosa Trout Slayers batting - Pitching for Memphis Redbirds : RHP José López
Batting: LHB Manuel Ortega 0-0: Ball
1-0: Ball
2-0: Ball
3-0: Called Strike
3-1: Base on Balls
Batting: RHB José Fernández 0-0: Foul Ball, location: 2F
0-1: Fly out, F5 (Popup, 5SF)
Batting: LHB Marcos Villarreal 0-0: Ball
1-0: Called Strike
1-1: SINGLE (Groundball, 34D)
Manuel Ortega to second
Runner from 2nd tries for 3rd, SAFE, no throw
Batting: RHB Ricardo González 0-0: Ball
1-0: Ball
2-0: Foul Ball, location: 2F
2-1: Ball
3-1: Foul Ball, location: 2F
3-2: SINGLE (Line Drive, 7S)
Manuel Ortega scores
Marcos Villarreal to second
Batting: LHB Ed Hart 0-0: Called Strike
0-1: Swinging Strike
0-2: Ball
1-2: Strikes out swinging
Batting: RHB Pat Fullerton 0-0: Ball
1-0: Ball
2-0: Ball
3-0: Called Strike
3-1: Base on Balls
Marcos Villarreal to third
Ricardo González to second
Batting: LHB Pedro Juárez 0-0: Ball
1-0: Ball
2-0: Ball
3-0: Called Strike
3-1: Foul Ball, location: 2F
3-2: Strikes out looking
Bottom of the 6th over - 1 run, 2 hits, 0 errors, 3 left on base; Memphis 5 - Tuscaloosa 1
TOP OF THE 7TH
Memphis Redbirds batting - Pitching for Tuscaloosa Trout Slayers : RHP Jimmy Bradley
Batting: SHB José Cruz 0-0: Called Strike
0-1: SINGLE (Groundball, 6MD)
Batting: SHB Javier Peńa 0-0: Ball
1-0: Ball
2-0: Fly out, F9 (Flyball, 9S)
Batting: RHB Will Sterling 0-0: SINGLE (Groundball, 6MD)
José Cruz to second
Runner from 2nd tries for 3rd, SAFE, no throw
Batting: RHB Desi Thompson 0-0: Ball
1-0: Foul Ball, location: 2F
1-1: Ball
2-1: SINGLE (Groundball, 56D)
José Cruz scores
Will Sterling to second
Batting: RHB Rusty Bennett 0-0: Ball
1-0: Foul Ball, location: 2F
1-1: SINGLE (Groundball, 56D)
Will Sterling to third
Desi Thompson to second
Batting: LHB Dudley Cooper 0-0: Grounds into fielders choice 3-2 (Groundball, 34)
Desi Thompson to third
Rusty Bennett to second
Batting: SHB Lewis Woods 0-0: Ball
1-0: Fly out, F7 (Flyball, 7S)
Top of the 7th over - 1 run, 4 hits, 0 errors, 3 left on base; Memphis 6 - Tuscaloosa 1
BOTTOM OF THE 7TH
Tuscaloosa Trout Slayers batting - Pitching for Memphis Redbirds : RHP José López
Pitching: LHP Tony Rivera
Batting: RHB Claudio Gonzáles 0-0: Called Strike
0-1: Ball
1-1: Ball
2-1: Foul Ball, location: 2F
2-2: SOLO HOME RUN (Flyball, 7LD), Distance : 351 ft
Batting: RHB Jason Saunders 0-0: Called Strike
0-1: Fly out, F3 (Popup, 3SF)
Batting: LHB Manuel Ortega 0-0: Called Strike
0-1: Fly out, F8 (Line Drive, 8LD)
Batting: RHB José Fernández 0-0: Ball
1-0: Ball
2-0: Called Strike
2-1: Called Strike
2-2: Ball
3-2: Foul Ball, location: 2F
3-2: Ground out 6-3 (Groundball, 6)
Bottom of the 7th over - 1 run, 1 hit, 0 errors, 0 left on base; Memphis 6 - Tuscaloosa 2
TOP OF THE 8TH
Memphis Redbirds batting - Pitching for Tuscaloosa Trout Slayers : RHP Jimmy Bradley
Batting: RHB Stan Taylor 0-0: Called Strike
0-1: Called Strike
0-2: Strikes out swinging
Batting: LHB Milo Powers 0-0: Ball
1-0: Ball
2-0: DOUBLE (Flyball, 7LD)
Batting: SHB José Cruz 0-0: Called Strike
0-1: Ground out 4-3 (Groundball, 4S)
Milo Powers to third
Batting: SHB Javier Peńa 0-0: Called Strike
0-1: Ball
1-1: Foul Ball, location: 2F
1-2: Strikes out swinging
Top of the 8th over - 0 runs, 1 hit, 0 errors, 1 left on base; Memphis 6 - Tuscaloosa 2
BOTTOM OF THE 8TH
Tuscaloosa Trout Slayers batting - Pitching for Memphis Redbirds : LHP Tony Rivera
Batting: LHB Marcos Villarreal 0-0: Called Strike
0-1: Ball
1-1: Ball
2-1: Foul Ball, location: 2F
2-2: Ground out 5-3 (Groundball, 56S)
Batting: RHB Ricardo González 0-0: Ball
1-0: Ball
2-0: Ball
3-0: Base on Balls
Batting: LHB Ed Hart 0-0: SINGLE (Line Drive, 7LS)
Ricardo González to second
Batting: RHB Pat Fullerton 0-0: Called Strike
0-1: Foul Ball, location: 2F
0-2: Ball
1-2: Ground out 4-3 (Groundball, 4S)
Ricardo González to third
Ed Hart to second
Batting: LHB Pedro Juárez 0-0: Ball
1-0: Swinging Strike
1-1: Ball
2-1: SINGLE (Line Drive, 4D)
Ricardo González scores
Ed Hart to third
Pitching: RHP Álex Villegas
Batting: RHB Claudio Gonzáles 0-0: Ball
1-0: Fly out, F7 (Line Drive, 7)
Bottom of the 8th over - 1 run, 2 hits, 0 errors, 2 left on base; Memphis 6 - Tuscaloosa 3
TOP OF THE 9TH
Memphis Redbirds batting - Pitching for Tuscaloosa Trout Slayers : RHP Jimmy Bradley
Batting: RHB Will Sterling 0-0: Ball
1-0: Ball
2-0: Ball
3-0: Called Strike
3-1: Base on Balls
Batting: RHB Desi Thompson 0-0: Ball
1-0: Ball
2-0: Called Strike
2-1: Called Strike
2-2: Fly out, F7 (Flyball, 7S)
Lined into DP, 7-3 (Flyball, 7S)
Batting: RHB Rusty Bennett 0-0: Ball
1-0: Called Strike
1-1: Swinging Strike
1-2: Foul Ball, location: 2F
1-2: Ball
2-2: SOLO HOME RUN (Flyball, 78XD), Distance : 375 ft
Pitching: LHP Luis López
Batting: LHB Dudley Cooper 0-0: Swinging Strike
0-1: Foul Ball, location: 2F
0-2: Strikes out looking
Top of the 9th over - 1 run, 1 hit, 0 errors, 0 left on base; Memphis 7 - Tuscaloosa 3
BOTTOM OF THE 9TH
Tuscaloosa Trout Slayers batting - Pitching for Memphis Redbirds : RHP Álex Villegas
Batting: RHB Jason Saunders 0-0: Ball
1-0: Swinging Strike
1-1: DOUBLE (Line Drive, 78D)
Batting: LHB Manuel Ortega 0-0: Ball
1-0: Ball
2-0: Fly out, F2 (Popup, 2LF)
Batting: RHB José Fernández 0-0: Ball
1-0: Fly out, F8 (Flyball, 89XD)
Runner from 2nd tags up, SAFE at 3rd, no throw
Batting: LHB Marcos Villarreal 0-0: Called Strike
0-1: Called Strike
0-2: Ball
1-2: Foul Ball, location: 2F
1-2: Strikes out swinging
Bottom of the 9th over - 0 runs, 1 hit, 0 errors, 1 left on base; Memphis 7 - Tuscaloosa 3
Saturday, April 7th, 2018 - OOTP Baseball 18.8 Build 76